PIO (24 & UNDER)
COLORADO COMMANDERS @ SASKATOON SMOKIN' GUNS
08/29/2027
 
TOP OF THE 1ST
Colorado Commanders batting - Pitching for Saskatoon Smokin' Guns : RHP Sloan Numbers
Pitching: RHP Sloan Numbers
Batting: SHB Pancho Vásquez 0-0: Swinging Strike
0-1: Fly out, F8 (Line Drive, 8LS)
Batting: RHB Ray Ervin 0-0: Foul Ball, location: 2F
0-1: Swinging Strike
0-2: Strikes out looking
Batting: LHB Arturo Rodledo 0-0: Ball
1-0: Ball
2-0: Foul Ball, location: 2F
2-1: Ball
3-1: SINGLE (Line Drive, 8LS)
Batting: LHB Luis Torres 0-0: Fly out, F9 (Flyball, 89S)
Top of the 1st over - 0 run(s), 1 hit(s), 0 error(s), 1 left on base; Colorado 0 - Saskatoon 0
BOTTOM OF THE 1ST
Saskatoon Smokin' Guns batting - Pitching for Colorado Commanders : RHP Orlando Cruz
Pitching: RHP Orlando Cruz
Batting: RHB Pedro Cabrera 0-0: Foul Ball, location: 2F
0-1: Ball
1-1: Swinging Strike
1-2: Strikes out swinging
Batting: RHB Brendon Little 0-0: Foul Ball, location: 2F
0-1: Ball
1-1: Ball
2-1: TRIPLE (Flyball, 89D)
Batting: RHB César Rodríguez 0-0: Called Strike
0-1: Ball
1-1: Fly out, F4 (Popup, 3D)
Batting: LHB Bo Rush 0-0: Ball
1-0: Foul Ball, location: 2F
1-1: Ground out U3 (Groundball, 34)
Bottom of the 1st over - 0 run(s), 1 hit(s), 0 error(s), 1 left on base; Colorado 0 - Saskatoon 0
TOP OF THE 2ND
Colorado Commanders batting - Pitching for Saskatoon Smokin' Guns : RHP Sloan Numbers
Batting: RHB Mike Martin 0-0: Called Strike
0-1: Ball
1-1: SINGLE (Groundball, 4MD)
Batting: RHB Félix Campos 0-0: Foul Ball, location: 2F
0-1: Foul Ball, location: 2F
0-2: Ball
1-2: Ball
2-2: Strikes out swinging
Batting: RHB Frank Martínez 0-0: Foul Ball, location: 2F
0-1: Ball
1-1: SINGLE (Line Drive, 6M)
Mike Martin to second
Runner from 2nd tries for 3rd, SAFE, no throw
Batting: RHB Adam Reeves 0-0: Ball
1-0: Swinging Strike
1-1: Ball
2-1: Foul Ball, location: 2F
2-2: Strikes out swinging
Batting: RHB Todd Oliver 0-0: Ball
1-0: Foul Ball, location: 2F
1-1: Swinging Strike
1-2: Ball
2-2: Strikes out swinging
Top of the 2nd over - 0 run(s), 2 hit(s), 0 error(s), 2 left on base; Colorado 0 - Saskatoon 0
BOTTOM OF THE 2ND
Saskatoon Smokin' Guns batting - Pitching for Colorado Commanders : RHP Orlando Cruz
Batting: RHB Joaquín Luna 0-0: Called Strike
0-1: Ball
1-1: Called Strike
1-2: Strikes out swinging
Batting: RHB Henry Jackson 0-0: Fly out, F9 (Flyball, 9LS)
Batting: RHB Julián García 0-0: SINGLE (Line Drive, 89M)
Batting: RHB Johnny Hawson 0-0: Ball
1-0: Ball
2-0: Foul Ball, location: 2F
2-1: DOUBLE (Flyball, 7D)
Julián García to third
Runner from 3rd tries for Home, SAFE, no throw
Batting: RHB Ismael Ortíz 0-0: Called Strike
0-1: Called Strike
0-2: Ball
1-2: Ball
2-2: Ball
3-2: Foul Ball, location: 2F
3-2: Base on Balls
Batting: RHB Pedro Cabrera 0-0: Ball
1-0: SINGLE (Line Drive, 7S)
Johnny Hawson to third
Ismael Ortíz to second
Runner from 3rd tries for Home, SAFE, no throw
Batting: RHB Brendon Little 0-0: Ball
1-0: Ball
2-0: Ball
3-0: Called Strike
3-1: Fly out, F9 (Line Drive, 89M)
Bottom of the 2nd over - 2 run(s), 3 hit(s), 0 error(s), 2 left on base; Colorado 0 - Saskatoon 2
TOP OF THE 3RD
Colorado Commanders batting - Pitching for Saskatoon Smokin' Guns : RHP Sloan Numbers
Batting: SHB Pancho Vásquez 0-0: Called Strike
0-1: Ball
1-1: Foul Ball, location: 2F
1-2: Fly out, F1 (Line Drive, 13)
Batting: RHB Ray Ervin 0-0: Called Strike
0-1: Ball
1-1: Swinging Strike
1-2: Fly out, F8 (Flyball, 8LD)
Batting: LHB Arturo Rodledo 0-0: Ball
1-0: Ball
2-0: Ball
3-0: Base on Balls
Batting: LHB Luis Torres 0-0: 2-RUN HOME RUN (Flyball, 9D), Distance : 432 ft
Batting: RHB Mike Martin 0-0: Ball
1-0: Fly out, F9 (Flyball, 9LM)
Top of the 3rd over - 2 run(s), 1 hit(s), 0 error(s), 0 left on base; Colorado 2 - Saskatoon 2
BOTTOM OF THE 3RD
Saskatoon Smokin' Guns batting - Pitching for Colorado Commanders : RHP Orlando Cruz
Batting: RHB César Rodríguez 0-0: Ball
1-0: Ground out 6-3 (Groundball, 6)
Batting: LHB Bo Rush 0-0: Ball
1-0: Ball
2-0: Foul Ball, location: 2F
2-1: SOLO HOME RUN (Flyball, 9D), Distance : 414 ft
Batting: RHB Joaquín Luna 0-0: Ball
1-0: Fly out, F9 (Flyball, 9LM)
Batting: RHB Henry Jackson 0-0: Ball
1-0: Swinging Strike
1-1: Called Strike
1-2: Foul Ball, location: 2F
1-2: Ground out 1-3 (Groundball, 15S)
Bottom of the 3rd over - 1 run(s), 1 hit(s), 0 error(s), 0 left on base; Colorado 2 - Saskatoon 3
TOP OF THE 4TH
Colorado Commanders batting - Pitching for Saskatoon Smokin' Guns : RHP Sloan Numbers
Batting: RHB Félix Campos 0-0: Called Strike
0-1: Foul Ball, location: 2F
0-2: Ball
1-2: Fly out, F8 (Flyball, 8RM)
Batting: RHB Frank Martínez 0-0: Ground out 5-3 (Groundball, 56)
Batting: RHB Adam Reeves 0-0: Foul Ball, location: 2F
0-1: SINGLE (Line Drive, 78S)
Batting: RHB Todd Oliver 0-0: Ball
1-0: Fielders Choice at 2nd, 6-4 (Groundball, 6)
Top of the 4th over - 0 run(s), 1 hit(s), 0 error(s), 0 left on base; Colorado 2 - Saskatoon 3
BOTTOM OF THE 4TH
Saskatoon Smokin' Guns batting - Pitching for Colorado Commanders : RHP Orlando Cruz
Batting: RHB Julián García 0-0: Ball
1-0: Called Strike
1-1: Called Strike
1-2: Fly out, F8 (Line Drive, 89M)
Batting: RHB Johnny Hawson 0-0: Called Strike
0-1: Swinging Strike
0-2: Ball
1-2: Ball
2-2: Ball
3-2: Ground out 6-3 (Groundball, 56)
Batting: RHB Ismael Ortíz 0-0: Ball
1-0: Ball
2-0: Foul Ball, location: 2F
2-1: Foul Ball, location: 2F
2-2: Foul Ball, location: 2F
2-2: Ball
3-2: Strikes out swinging
Bottom of the 4th over - 0 run(s), 0 hit(s), 0 error(s), 0 left on base; Colorado 2 - Saskatoon 3
TOP OF THE 5TH
Colorado Commanders batting - Pitching for Saskatoon Smokin' Guns : RHP Sloan Numbers
Batting: SHB Pancho Vásquez 0-0: Ball
1-0: Ball
2-0: SINGLE (Line Drive, 56D)
Batting: RHB Ray Ervin 0-0: Ball
Pancho Vásquez steals 2nd base
1-0: Ball
2-0: Fly out, F7 (Flyball, 7LS)
Batting: LHB Arturo Rodledo 0-0: Ball
1-0: Ball
2-0: Ground out 4-3 (Groundball, 4)
Pancho Vásquez to third
Batting: LHB Luis Torres 0-0: Ground out 4-3 (Groundball, 4)
Top of the 5th over - 0 run(s), 1 hit(s), 0 error(s), 1 left on base; Colorado 2 - Saskatoon 3
BOTTOM OF THE 5TH
Saskatoon Smokin' Guns batting - Pitching for Colorado Commanders : RHP Orlando Cruz
Batting: RHB Pedro Cabrera 0-0: Called Strike
0-1: Called Strike
0-2: Strikes out swinging
Batting: RHB Brendon Little 0-0: Ground out 6-3 (Groundball, 6)
Batting: RHB César Rodríguez 0-0: Ground out 1-3 (Groundball, 13)
Bottom of the 5th over - 0 run(s), 0 hit(s), 0 error(s), 0 left on base; Colorado 2 - Saskatoon 3
TOP OF THE 6TH
Colorado Commanders batting - Pitching for Saskatoon Smokin' Guns : RHP Sloan Numbers
Batting: RHB Mike Martin 0-0: Ball
1-0: Ball
2-0: Called Strike
2-1: Called Strike
2-2: Foul Ball, location: 2F
2-2: Ball
3-2: Base on Balls
Batting: RHB Félix Campos 0-0: Fly out, F8 (Flyball, 89M)
Batting: RHB Frank Martínez 0-0: Called Strike
0-1: Foul Ball, location: 2F
0-2: Foul Ball, location: 2F
0-2: Ball
1-2: Grounds into double play, 4-6-3 (Groundball, 4)
Top of the 6th over - 0 run(s), 0 hit(s), 0 error(s), 0 left on base; Colorado 2 - Saskatoon 3
BOTTOM OF THE 6TH
Saskatoon Smokin' Guns batting - Pitching for Colorado Commanders : RHP Orlando Cruz
Batting: LHB Bo Rush 0-0: Ball
1-0: Ball
2-0: Foul Ball, location: 2F
2-1: Ball
3-1: Called Strike
3-2: Base on Balls
Batting: RHB Joaquín Luna 0-0: Ball
1-0: Swinging Strike
1-1: Foul Ball, location: 2F
1-2: Strikes out swinging
Batting: RHB Henry Jackson 0-0: Called Strike
0-1: Ball
1-1: Hit by Pitch
Bo Rush to second
Pitching: RHP Tomás Marte
Pinch Runner at 1st Rubén Salazar:
Batting: RHB Julián García 0-0: Fly out, F7 (Flyball, 7S)
Batting: RHB Johnny Hawson 0-0: Fielders Choice at 2nd, 6-4 (Groundball, 56)
Bottom of the 6th over - 0 run(s), 0 hit(s), 0 error(s), 1 left on base; Colorado 2 - Saskatoon 3
TOP OF THE 7TH
Colorado Commanders batting - Pitching for Saskatoon Smokin' Guns : RHP Sloan Numbers
Now in RF: Rubén Salazar
Batting: RHB Adam Reeves 0-0: Called Strike
0-1: Ball
1-1: Foul Ball, location: 2F
1-2: Strikes out swinging
Batting: RHB Todd Oliver 0-0: Ground out 6-3 (Groundball, 6)
Batting: SHB Pancho Vásquez 0-0: Ball
1-0: DOUBLE (Line Drive, 78M)
Pitching: RHP Bernardo García
Batting: RHB Ray Ervin 0-0: Foul Ball, location: 2F
0-1: Called Strike
0-2: Ball
1-2: Foul Ball, location: 2F
1-2: Foul Ball, location: 2F
1-2: Ball
2-2: Ball
3-2: Foul Ball, location: 2F
3-2: Base on Balls
Batting: LHB Arturo Rodledo 0-0: Ball
1-0: Ball
2-0: Ball
3-0: Base on Balls
Pancho Vásquez to third
Ray Ervin to second
Batting: LHB Luis Torres 0-0: Swinging Strike
0-1: Swinging Strike
0-2: Hit by Pitch
Pancho Vásquez scores
Ray Ervin to third
Arturo Rodledo to second
Pinch Hitting: SHB Ángel Díaz 0-0: Ball
1-0: Called Strike
1-1: Swinging Strike
1-2: Strikes out swinging
Top of the 7th over - 1 run(s), 1 hit(s), 0 error(s), 3 left on base; Colorado 3 - Saskatoon 3
BOTTOM OF THE 7TH
Saskatoon Smokin' Guns batting - Pitching for Colorado Commanders : RHP Tomás Marte
Now at 3B: Ángel Díaz
Batting: RHB Ismael Ortíz 0-0: Ground out 6-3 (Groundball, 56D)
Batting: RHB Pedro Cabrera 0-0: Called Strike
0-1: SINGLE (Groundball, 6MD)
Pinch Hitting: LHB Alejandro Rojas 0-0: Ball
1-0: Called Strike
1-1: Ball
2-1: Foul Ball, location: 2F
2-2: Fielders Choice at 2nd, 3-6 (Groundball, 34)
Batting: RHB César Rodríguez 0-0: Called Strike
0-1: Called Strike
0-2: Ball
Alejandro Rojas is caught stealing 2nd base
Bottom of the 7th over - 0 run(s), 1 hit(s), 0 error(s), 0 left on base; Colorado 3 - Saskatoon 3
TOP OF THE 8TH
Colorado Commanders batting - Pitching for Saskatoon Smokin' Guns : RHP Bernardo García
Now in RF: Alejandro Rojas
Pinch Hitting: RHB Gerald Johnson 0-0: Foul Ball, location: 2F
0-1: Foul Ball, location: 2F
0-2: Strikes out swinging
Batting: RHB Frank Martínez 0-0: Called Strike
0-1: Swinging Strike
0-2: Foul Ball, location: 2F
0-2: Strikes out looking
Batting: RHB Adam Reeves 0-0: Called Strike
0-1: Called Strike
0-2: Ball
1-2: Ball
2-2: Foul Ball, location: 2F
2-2: Foul Ball, location: 2F
2-2: Fly out, F9 (Flyball, 9S)
Top of the 8th over - 0 run(s), 0 hit(s), 0 error(s), 0 left on base; Colorado 3 - Saskatoon 3
BOTTOM OF THE 8TH
Saskatoon Smokin' Guns batting - Pitching for Colorado Commanders : RHP Tomás Marte
Now in LF: Roberto Rodríguez
Batting: RHB César Rodríguez 0-0: Called Strike
0-1: Fly out, F8 (Flyball, 8RXD)
Batting: LHB Bo Rush 0-0: Called Strike
0-1: Ball
1-1: Fly out, F8 (Flyball, 8LXD)
Pinch Hitting: RHB Travis Colbert 0-0: Ground out 4-3 (Groundball, 4)
Bottom of the 8th over - 0 run(s), 0 hit(s), 0 error(s), 0 left on base; Colorado 3 - Saskatoon 3
TOP OF THE 9TH
Colorado Commanders batting - Pitching for Saskatoon Smokin' Guns : RHP Bernardo García
Pitching: RHP Melvin Hicks
Now at SS: Travis Colbert
Pinch Hitting: RHB Chris Rice 0-0: Foul Ball, location: 2F
0-1: Ball
1-1: Foul Ball, location: 2F
1-2: Foul Ball, location: 2F
1-2: Strikes out swinging
Batting: SHB Pancho Vásquez 0-0: Ball
1-0: Foul Ball, location: 2F
1-1: Foul Ball, location: 2F
1-2: Ball
2-2: Foul Ball, location: 2F
2-2: Ball
3-2: Base on Balls
Batting: RHB Ray Ervin 0-0: SINGLE (Groundball, 56D)
Pancho Vásquez to second
Pancho Vásquez to third
Batting: LHB Arturo Rodledo 0-0: Ball
1-0: Called Strike
1-1: Foul Ball, location: 2F
1-2: Ball
2-2: Foul Ball, location: 2F
2-2: Ground out U3 (Groundball, 3L)
Ray Ervin to second
Batting: LHB Luis Torres 0-0: Called Strike
0-1: Ball
1-1: SINGLE (Line Drive, 34)
Pancho Vásquez scores
Ray Ervin to third
Runner from 3rd tries for Home, SAFE, no throw
Pitching: RHP Miguel Reyes
Batting: SHB Ángel Díaz 0-0: Called Strike
0-1: Ball
1-1: Foul Ball, location: 2F
1-2: SINGLE (Groundball, 3L) (infield hit)
Luis Torres to second
Pinch Hitting: RHB Alberto Soto 0-0: Ball
1-0: Ball
2-0: Called Strike
2-1: Swinging Strike
2-2: Ball
3-2: Foul Ball, location: 2F
3-2: Foul Ball, location: 2F
3-2: Base on Balls
Luis Torres to third
Ángel Díaz to second
Batting: RHB Frank Martínez 0-0: Ball
1-0: Ball
2-0: Called Strike
2-1: Ball
3-1: Fielders Choice at 2nd, 6-4 (Groundball, 6)
Top of the 9th over - 2 run(s), 3 hit(s), 0 error(s), 2 left on base; Colorado 5 - Saskatoon 3
BOTTOM OF THE 9TH
Saskatoon Smokin' Guns batting - Pitching for Colorado Commanders : RHP Tomás Marte
Pitching: RHP Sixto García
Now at 2B: Pete Davis
Now in LF: Chris Rice
Batting: LHB Rubén Salazar 0-0: Called Strike
0-1: Ball
1-1: Swinging Strike
1-2: Ball
2-2: Ball
3-2: Fly out, F9 (Flyball, 9LMF)
Batting: RHB Julián García 0-0: Swinging Strike
0-1: Ball
1-1: Swinging Strike
1-2: Ball
2-2: Strikes out swinging
Batting: RHB Johnny Hawson 0-0: Ball
1-0: Ball
2-0: Ball
3-0: Base on Balls
Batting: RHB Ismael Ortíz 0-0: Ball
1-0: Ball
2-0: Swinging Strike
2-1: Ball
3-1: Foul Ball, location: 2F
3-2: Base on Balls
Johnny Hawson to second
Batting: RHB Pedro Cabrera 0-0: Ball
1-0: Foul Ball, location: 2F
1-1: Ball
2-1: Swinging Strike
2-2: Ball
3-2: Strikes out swinging
Bottom of the 9th over - 0 run(s), 0 hit(s), 0 error(s), 2 left on base; Colorado 5 - Saskatoon 3
Thursday, March 30th, 2017 - OOTP Baseball 17.12 Build 75